 Dungeon Crawl Stone Soup version 0.30-a0-996-ga6910c8ee8 (webtiles) character file.

Game seed: 8875313678343576797

182 vishdafish the Conjurer (level 5, 0/35 HPs)
             Began as a Demonspawn Conjurer on Apr 4, 2023.
             Slain by a gnoll bouda
             ... wielding a +0 club
              (10 damage)
             ... on level 3 of the Dungeon.
             The game lasted 00:05:20 (3737 turns).

vishdafish the Conjurer (Demonspawn Conjurer)       Turns: 3737, Time: 00:05:20

Health: 0/35       AC:  2    Str:  6 (8)  XL:     5   Next: 34%
Magic:  2/10       EV: 12    Int: 20 (21) God:
Gold:   130        SH:  4    Dex: 10 (11) Spells: 10/11 levels left

rFire   . . .      SeeInvis .    p - +1 dagger (venom)
rCold   . . .      Faith    .    (no shield)
rNeg    . . .      Spirit   .    a - +0 robe
rPois   +          Reflect  .    (no helmet)
rElec   .          Rampage  .    c - scarf {repulsion}
rCorr   .                        (no gloves)
Will    .....                    (no boots)
Stlth   ++                       (no amulet)
HPRegen 0.25/turn                r - ring of poison resistance
MPRegen 0.12/turn                (no ring)

@: brilliant, flying, repel missiles
A: large bone plates 1
a: no special abilities


You were on level 3 of the Dungeon.
You visited 1 branch of the dungeon, and saw 3 of its levels.

You collected 130 gold pieces.

Inventory:

Hand Weapons
 p - a +1 dagger of venom (weapon)
Armour
 a - a +0 robe (worn)
 c - a scarf of repulsion (worn)
Jewellery
 n - a ring of ice
 r - a ring of poison resistance (left hand)
Scrolls
 d - a scroll of teleportation {unknown}
 e - a scroll of fear {unknown}
 g - 2 scrolls of magic mapping {unknown}
 i - 4 scrolls of identify {unknown}
 l - a scroll of vulnerability {unknown}
 m - a scroll of enchant armour {unknown}
 q - a scroll of blinking {unknown}
 t - a scroll of noise {unknown}
 u - a scroll of torment {unknown}
 v - a scroll of fog {unknown}
Potions
 f - a potion of degeneration
 j - a potion of haste {unknown}
 k - 2 potions of heal wounds {unknown}
 o - a potion of resistance {unknown}
 s - a potion of might {unknown}


   Skills:
 - Level 1.7 Dodging
 - Level 1.7 Stealth
 + Level 3.9 Spellcasting
 + Level 5.5 Conjurations


You had 10 spell levels left.
You knew the following spells:

 Your Spells              Type           Power      Damage    Failure   Level
a - Magic Dart            Conj           100%       1d8       1%          1

Your spell library contained the following spells:

 Spells                   Type           Power      Damage    Failure   Level
 Searing Ray              Conj           78%        2d7       1%          2
 Dazzling Flash           Conj/Hex       44%        N/A       13%         3
 Fulminant Prism          Conj/Hex       11%        3d8       38%         4
 Iskenderun's Mystic Bla  Conj/Tloc      22%        2d6       38%         4


Dungeon Overview and Level Annotations

Branches:
Dungeon (3/15)

Altars:

Shops:
D:1 *

Annotations:
D:2 Sigmund


Innate Abilities, Weirdness & Mutations

You are partially covered in large bone plates. (SH +4)


Message History

You feel weakened.
You feel dopey.
You feel clumsy.
The gnoll bouda barks out a call to the hunt!
The gnoll picks up the pace!
It was a potion of brilliance.
You feel clever all of a sudden. The gnoll bouda closely misses you.
Okay, then.
Casting: Magic Dart (safe; 1% risk of failure)
Confirm with . or Enter, or press ? or * to list all spells.
You don't know that spell.
Aiming: Magic Dart (safe; 1% risk of failure)
Press: ? - help, Q - select action Shift-Dir - straight line, f/p - gnoll bouda
Aim: a gnoll bouda, wielding a +0 club and wearing a +0 leather armour (heavily wounded, 100% to hit)
You feel a surge of power!
The magic dart hits the gnoll bouda.
The gnoll bouda is heavily wounded.
The gnoll bouda barely misses you.
Aiming: Magic Dart (safe; 1% risk of failure)
Press: ? - help, Q - select action Shift-Dir - straight line, f/p - gnoll bouda
Aim: a gnoll bouda, wielding a +0 club and wearing a +0 leather armour (heavily wounded, 100% to hit)
You feel a surge of power!
The magic dart hits the gnoll bouda but does no damage.
The gnoll bouda is heavily wounded.
You block the gnoll bouda's attack.
Aiming: Magic Dart (safe; 1% risk of failure)
Press: ? - help, Q - select action Shift-Dir - straight line, f/p - gnoll bouda
Aim: a gnoll bouda, wielding a +0 club and wearing a +0 leather armour (heavily wounded, 100% to hit)
You feel a surge of power!
The magic dart hits the gnoll bouda but does no damage.
The gnoll bouda is heavily wounded.
The gnoll bouda hits you with a +0 club.
* * * LOW HITPOINT WARNING * * *
Aiming: Magic Dart (safe; 1% risk of failure)
Press: ? - help, Q - select action Shift-Dir - straight line, f/p - gnoll bouda
Aim: a gnoll bouda, wielding a +0 club and wearing a +0 leather armour (heavily wounded, 100% to hit)
Okay, then.
It was a potion of flight.
You feel very buoyant.
You fly up into the air.
The gnoll bouda hits you with a +0 club!
You die...

#.####......#.#.##.....##.#
#..)..)...###.#..#.....##.#
#####...##...###..##... #.#
#..#..#.#..[##.##.# #.#
#.##.##.###.#...#.# #.#
#.##..##..#)##.#..# #.#
#...##..#..#..##..###.####
#...##.###g#.#.#..##......
###..#..#@##.#.#..##......
#...##...#.#....##......
#.###.#.#.##.#####......
#.....###....#...†......
#...........)...........
####.#######..########'# #.
#.## #.# #. #.# #.. #. #.#
###


You could see a gnoll bouda.

Vanquished Creatures
  7 gnolls
  5 adders
  A worm (D:3)
  3 dart slugs
  An orc (D:3)
  4 bats
  8 endoplasms
  2 giant cockroaches
  5 goblins
  7 hobgoblins
  2 jackals (D:1)
  2 quokkas (D:2)
  3 ball pythons
  6 frilled lizards
  2 kobolds (D:2)
  5 rats
63 creatures vanquished.

Notes
Turn   | Place    | Note
-------+----------+-------------------------------------------
     0 | D:1      | vishdafish the Demonspawn Conjurer began the quest for the
                  | Orb.
     0 | D:1      | Reached XP level 1. HP: 13/13 MP: 3/3
   180 | D:1      | Gained mutation: You are partially covered in large bone
                  | plates. (SH +4) [demonic ancestry]
   180 | D:1      | Reached XP level 2. HP: 19/19 MP: 3/5
   426 | D:1      | Found Anel Fint's Assorted Antiques.
   970 | D:2      | Noticed Sigmund
  1181 | D:2      | Reached XP level 3. HP: 6/24 MP: 4/7
  1404 | D:2      | Reached XP level 4. HP: 30/30 MP: 3/8
  2050 | D:3      | Reached skill level 5 in Conjurations
  2598 | D:2      | Reached XP level 5. HP: 35/35 MP: 6/10
  3737 | D:3      | Slain by a gnoll bouda

Illustrated notes

Levels and vault maps discovered:
D:1:      shiori_shiawase, layout_basic, serial_shops, nicolae_square_shop
D:2:      layout_basic, minmay_distorted, uniq_sigmund
D:3:      layout_basic, nicolae_hepliaklqana_hippocampus, serial_bayou_pond_a,
          minmay_pentomino_pile

Skill      XL: |  1  2  3  4 |
---------------+-------------+-----
Spellcasting   | 3 |  3.9
Conjurations   | 5 |  5.5
Dodging        | |  1.7
Stealth        | |  1.7

Action                     |  1- 3 |  4- 6 || total
---------------------------+-------+-------++-------
  Melee: Unarmed           |    22 |    10 ||    32
         Dagger            |       |    13 ||    13
   Cast: Magic Dart        |    72 |    99 ||   171
    Use: Potion            |     2 |     3 ||     5
 Armour: Robe              |     3 |     3 ||     6
  Dodge: Dodged            |    23 |    25 ||    48
         Repelled          |       |     1 ||     1
  Block: Other             |     3 |     5 ||     8

Table legend: (Time is in decaauts)
 A = Elapsed time spent in this place.
 B = Non-inter-level travel time spent in this place.
 C = Inter-level travel time spent in this place.
 D = Time resting spent in this place.
 E = Time spent auto-exploring this place.
 F = Levels seen in this place.
 G = Mean time per level.
                   A        B        C        D        E       F      G
               +--------+--------+--------+--------+--------+-----+--------+
         Total |   3738 |   3534 |    204 |      0 |   3042 |   3 | 1246.0 |
       Dungeon |   3738 |   3534 |    204 |      0 |   3042 |   3 | 1246.0 |
               +--------+--------+--------+--------+--------+-----+--------+

Top non-repeatable levels by time:
     D:2: 1728 daAuts
     D:1: 1121 daAuts
     D:3: 887 daAuts
